 Dungeon Crawl Stone Soup version 0.27-a0-1184-ge86db4a01e (webtiles) character file.

Game seed: 18122394656375984233

400 ZappyNine the Sneak (level 6, -1/38 HPs)
             Began as a Vampire Brigand on May 18, 2021.
             Was an Initiate of Dithmenos.
             Slain by an ogre
             ... wielding a +0 giant club
              (30 damage)
             ... on level 5 of the Dungeon.
             The game lasted 00:07:53 (4416 turns).

ZappyNine the Sneak (Vampire Brigand)               Turns: 4416, Time: 00:07:54

Health: -1/38      AC:  7    Str:  8 (10) XL:     6   Next: 54%
Magic:  7/11       EV: 12    Int: 12 (14) God:    Dithmenos [......]
Gold:   165        SH:  0    Dex: 15 (17) Spells: 7/12 levels left

rFire    . . .     SeeInvis +   a - +2 dagger
rCold    + + .     Faith    .   (no shield)
rNeg     + + +     Spirit   .   o - +1 robe {Archmagi}
rPois    ∞         Reflect  .   j - +2 helmet
rElec    .         Harm     .   c - +0 cloak
rCorr    .         Rampage  .   (no gloves)
Will     .....                  (no boots)
Stlth    +++++.....             m - amulet of regeneration
HPRegen  0.00/turn              (no ring)
MPRegen  0.12/turn              (no ring)

@: confusing by touch, bloodless
A: bloodless, fangs 3, see invisible, vampiric 2
a: Bat Form, Revivify, Renounce Religion


You were on level 5 of the Dungeon.
You worshipped Dithmenos.
Dithmenos was noncommittal.
You visited 2 branches of the dungeon, and saw 6 of its levels.

You collected 165 gold pieces.

Inventory:

Hand Weapons
 a - a +2 dagger (weapon)
Missiles
 d - 8 poisoned darts (quivered)
 e - 2 curare-tipped darts
Armour
 b - a +0 robe
 c - a +0 cloak (worn)
 j - a +2 helmet (worn)
 o - a +1 robe of the Archmagi (worn)
Jewellery
 m - an amulet of regeneration (around neck)
Wands
 f - a wand of iceblast (4)
 i - a wand of flame (12)
Scrolls
 g - a scroll of amnesia
 l - 2 scrolls of teleportation
Potions
 h - a potion of brilliance {unknown}
 k - a potion of curing
 n - 2 potions of flight
 p - a potion of ambrosia {unknown}
 q - a potion of might {unknown}


   Skills:
 + Level 3.6 Fighting
 + Level 2.5 Short Blades
 - Level 1.5 Throwing
 - Level 1.1 Dodging
 - Level 5.8 Stealth
 - Level 3.9 Spellcasting
 * Level 4.3 Hexes


You had 7 spell levels left.
You knew the following spells:

 Your Spells              Type           Power      Damage    Failure   Level
a - Confusing Touch       Hex            19%        N/A       11%         3
b - Slow                  Hex            19%        N/A       5%          2

Your spell library contained the following spells:

 Spells                   Type           Power      Damage    Failure   Level
 Corona                   Hex            21%        N/A       3%          1
 Animate Skeleton         Necr           6%         N/A       22%         1
 Beastly Appendage        Tmut           6%         N/A       22%         1
 Magic Dart               Conj           12%        1d3       22%         1
 Pain                     Necr           12%        1d4       22%         1
 Shock                    Conj/Air       12%        1d3       22%         1
 Inner Flame              Hex/Fire       11%        N/A       26%         3
 Portal Projectile        Hex/Tloc       22%        N/A       26%         3
 Blink                    Tloc           N/A        N/A       34%         2
 Call Imp                 Summ           3%         N/A       34%         2
 Static Discharge         Conj/Air       3%         N/A       34%         2
 Wereblood                Tmut           3%         N/A       34%         2
 Cause Fear               Hex            9%         N/A       36%         4
 Conjure Flame            Conj/Fire      3%         6-21      56%         3
 Gell's Gravitas          Tloc           1%         N/A       56%         3
 Mephitic Cloud           Conj/Pois/Air  3%         N/A       56%         3
 Spider Form              Tmut/Pois      1%         N/A       56%         3
 Swiftness                Air            3%         N/A       56%         3
 Vampiric Draining        Necr           1%         2d6       56%         3
 Leda's Liquefaction      Hex/Erth       5%         N/A       65%         4
 Airstrike                Air            1%         N/A       92%         4
 Animate Dead             Necr           1%         N/A       92%         4
 Ice Form                 Ice/Tmut       3%         N/A       92%         4
 Petrify                  Tmut/Erth      3%         N/A       92%         4
 Metabolic Englaciation   Hex/Ice        5%         N/A       94%         5
 Yara's Violent Unravell  Hex/Tmut       5%         3d4       94%         5
 Agony                    Necr           3%         N/A       99%         5
 Hydra Form               Tmut           1%         N/A       99%         5
 Lightning Bolt           Conj/Air       1%         1d12      99%         5


Dungeon Overview and Level Annotations

Branches:
Dungeon (5/15)             Temple (1/1) D:4

Altars:
Ashenzari
Cheibriados
Dithmenos
Elyvilon
Fedhas
Gozag
Hepliaklqana
Kikubaaqudgha
Makhleb
Nemelex Xobeh
Okawaru
Qazlal
Ru
Sif Muna
Uskayaw
Vehumet
Wu Jian
Xom
Yredelemnul
Zin
The Shining One


Innate Abilities, Weirdness & Mutations

You do not regenerate when monsters are visible.
You are frail without blood (-20% HP).
You can heal yourself when you bite living creatures.
You are immune to poison.
You have razor-sharp teeth.
You have supernaturally acute eyesight. (SInv)
You are afflicted with vampirism and can become a bat while bloodless.


Message History

The ogre cries.
You hit the hound but do no damage.
The hound is moderately wounded.
The hound bites you. The hound closely misses you.
You hit the hound but do no damage.
The hound is moderately wounded.
The hound barely misses you.
The ogre asks, "Where am I?"
You barely miss the hound. You bite the hound.
You draw the hound's blood!
You feel better.
The hound is moderately wounded.
The hound completely misses you.
You hit the hound but do no damage. Your bite misses the hound.
The hound is moderately wounded.
The hound bites you but does no damage.
You hit the hound.
The hound is severely wounded.
The hound bites you but does no damage. The ogre closely misses you.
The hound barely misses you.
You barely miss the hound.
The hound is severely wounded.
The hound bites you but does no damage.
You hit the hound.
The hound is severely wounded.
The hound misses you.
The ogre barely misses the hound.
You barely miss the hound. You bite the hound.
You draw the hound's blood!
You feel better.
The hound is almost dead.
The ogre seems less confused.
The hound closely misses you. The hound barely misses you.
You hit the hound but do no damage. You bite the hound.
You kill the hound!
Dithmenos accepts your kill.
You feel your intelligence returning.
Casting: Confusing Touch (dangerous; 11% risk of failure)
Confirm with . or Enter, or press ? or * to list all spells.
You feel a surge of power!
Your hands begin to glow red.
The ogre hits you with a +0 giant club!!
Ouch! That really hurt!
You die...

#....##########.........
#........)O.....#.......
.#...$.#######.........
#.###.######..........
#..........#....>.....
#..>.......#......#...
#..........##.........
#..........##...#.....
#....@O....##......##.
#.......#..........#####
..#####.#.#.......####..
#. #...#........##...
#..###.....#...!..
...#...#.......#..
.............####.
#.##.........>.... .....
.#####


You could see an ogre.

Vanquished Creatures
  Sigmund (D:3)
  A scorpion (D:4)
  A hound (D:5)
  Ijyb (D:5)
  Terence (D:2)
  4 adders
  An ufetubus (D:3)
  An adder skeleton (D:3)
  A worm (D:4)
  2 dart slugs (D:3)
  4 orcs
  3 ball pythons
  5 endoplasms
  2 giant cockroaches
  2 hobgoblins
  4 jackals (D:3)
  3 quokkas
  3 bats
  2 frilled lizards
  10 goblins
  2 kobolds (D:4)
  6 rats
60 creatures vanquished.

Notes
Turn   | Place    | Note
-------+----------+-------------------------------------------
     0 | D:1      | ZappyNine the Vampire Brigand began the quest for the Orb.
     0 | D:1      | Reached XP level 1. HP: 16/16 MP: 1/1
   337 | D:1      | Found a faded altar of an unknown god.
   347 | D:1      | Reached XP level 2. HP: 13/18 MP: 2/2
   860 | D:2      | Noticed Terence
   867 | D:2      | Killed Terence
   868 | D:2      | Gained mutation: You are afflicted with vampirism and can
                  | become a bat while bloodless. [Vampire growth]
   868 | D:2      | Reached XP level 3. HP: 23/23 MP: 3/3
  1665 | D:3      | Noticed Sigmund
  1673 | D:3      | Killed Sigmund
  1674 | D:3      | Reached XP level 4. HP: 20/28 MP: 4/9
  1674 | D:3      | Reached XP level 5. HP: 23/32 MP: 4/10
  1686 | D:3      | Learned a level 3 spell: Confusing Touch
  1906 | D:3      | Reached skill level 1 in Hexes
  2692 | D:4      | Reached XP level 6. HP: 37/37 MP: 11/11
  2699 | D:4      | Found a staircase to the Ecumenical Temple.
  2737 | Temple   | Entered the Ecumenical Temple
  3044 | Temple   | Became a worshipper of Dithmenos the Shadowed
  3703 | D:4      | Learned a level 2 spell: Slow
  4148 | D:5      | Entered Level 5 of the Dungeon
  4176 | D:5      | Noticed Ijyb
  4196 | D:5      | Killed Ijyb
  4416 | D:5      | Slain by an ogre

Illustrated notes

Levels and vault maps discovered:
D:1:      dpeg_arrival_windows_large_door, layout_loops_cross,
          hellmonk_ecumenical_altar_arch_garden
D:2:      layout_loops_corners, uniq_terence
D:3:      layout_basic, uniq_sigmund
D:4:      layout_layer_cave, minmay_temple_entry_antechambers,
          minmay_misc_feat_four_crosses, moated_statue, minivault_24,
          minmay_checkerbox
D:5:      layout_rooms, uniq_ijyb
Temple:   nicolae_temple_the_god_donut

Skill      XL: |  1  2  3  4  5  6 |
---------------+-------------------+-----
Fighting       | 2 3 |  3.6
Spellcasting   | 3 |  3.9
Hexes          | 2 4 |  4.3
Short Blades   | |  2.5
Throwing       | |  1.5
Dodging        | |  1.1
Stealth        | |  5.8

Action                   |  1- 3 |  4- 6 || total
-------------------------+-------+-------++-------
Melee: Dagger            |    48 |   174 ||   222
       Bite              |     4 |    16 ||    20
 Cast: Confusing Touch   |       |     9 ||     9
 Abil: Exsanguinate      |     1 |       ||     1
  Use: Scroll            |       |     5 ||     5
       Potion            |       |     3 ||     3
 Stab: Sleeping          |    15 |    12 ||    27
       Confused          |       |     3 ||     3
Armor: Robe              |     6 |    35 ||    41
Dodge: Dodged            |    25 |   100 ||   125

Table legend: (Time is in decaauts)
 A = Elapsed time spent in this place.
 B = Non-inter-level travel time spent in this place.
 C = Inter-level travel time spent in this place.
 D = Time resting spent in this place.
 E = Time spent auto-exploring this place.
 F = Levels seen in this place.
 G = Mean time per level.
                   A        B        C        D        E       F      G
               +--------+--------+--------+--------+--------+-----+--------+
         Total |   4393 |   4260 |    133 |    544 |   3095 |   6 |  732.2 |
       Dungeon |   4076 |   3953 |    123 |    544 |   2796 |   5 |  815.2 |
        Temple |    316 |    307 |      9 |      0 |    299 |   1 |  316.0 |
               +--------+--------+--------+--------+--------+-----+--------+

Top non-repeatable levels by time:
     D:4: 1369 daAuts
     D:3: 855 daAuts
     D:1: 828 daAuts
     D:2: 789 daAuts
  Temple: 316 daAuts
     D:5: 234 daAuts
